 Dungeon Crawl Stone Soup version 0.30-a0-719-gcc4359ea44 (webtiles) character file.

Game seed: 17091708319011075273

3140 Dittersdorf the Blocker (level 9, -2/59 HPs)
             Began as a Gargoyle Fighter on Jan 26, 2023.
             Was a Believer of Okawaru.
             Slain by a gnoll
             ... wielding a +0 flail
              (7 damage)
             ... on level 6 of the Dungeon.
             The game lasted 00:11:34 (7713 turns).

Dittersdorf the Blocker (Gargoyle Fighter)          Turns: 7713, Time: 00:11:35

Health: -2/59      AC: 20    Str: 24    XL:     9   Next: 92%
Magic:  0/9        EV:  8    Int:  9    God:    Okawaru [**....]
Gold:   313        SH:  5    Dex:  9    Spells: 8/8 levels left

rFire   . . .      SeeInvis .    a - +0 flail
rCold   . . .      Faith    .    c - +0 buckler
rNeg    + . .      Spirit   +    l - +0 chain mail
rPois   ∞          Reflect  .    s - +0 helmet
rElec   +          Harm     .    (no cloak)
rCorr   .          Rampage  .    y - +0 pair of gloves
Will    .....                    (no boots) Stlth
                                 J - amulet of guardian spirit
HPRegen 0.29/turn                (no ring)
MPRegen 0.11/turn                (no ring)

@: no status effects
A: sickness immunity, AC +6, negative energy resistance 1, electricity
resistance, torment resistance 1, petrification resistance
a: Renounce Religion, Heroism


You were on level 6 of the Dungeon.
You worshipped Okawaru.
Okawaru was pleased with you.
You visited 2 branches of the dungeon, and saw 7 of its levels.
You also visited: Sewer.

You collected 313 gold pieces.

Inventory:

Hand Weapons
 a - a +0 flail (weapon)
Missiles
 u - 33 poisoned darts (quivered)
 v - 4 curare-tipped darts
Armour
 c - a +0 buckler (worn)
 l - a +0 chain mail (worn)
 s - a +0 helmet (worn)
 y - a +0 pair of gloves (worn)
Jewellery
 J - an amulet of guardian spirit (around neck)
Wands
 A - a wand of digging (5)
 G - a wand of paralysis (8)
Scrolls
 b - 2 scrolls of fear {unknown}
 e - 2 scrolls of poison {unknown}
 g - 3 scrolls of vulnerability {unknown}
 j - 3 scrolls of immolation {unknown}
 n - 2 scrolls of silence {unknown}
 p - 3 scrolls of enchant armour {unknown}
 r - 3 scrolls of magic mapping {unknown}
 t - 5 scrolls of teleportation {unknown}
 w - a scroll of butterflies {unknown}
 C - 2 scrolls of enchant weapon {unknown}
 D - a scroll of identify
 E - a scroll of noise {unknown}
Potions
 d - 2 potions of might
 f - 2 potions of haste
 h - a potion of berserk rage
 i - a potion of curing
 k - a potion of brilliance
 m - a potion of invisibility
 o - a potion of cancellation
 q - 3 potions of attraction {unknown}
 x - a potion of magic {unknown}
 z - 2 potions of heal wounds {unknown}
 B - a potion of ambrosia {unknown}
 F - a potion of mutation {unknown}
 I - 2 potions of flight {unknown}


   Skills:
 + Level 8.1 Fighting
 + Level 7.0 Maces & Flails
 + Level 8.1 Armour
 + Level 8.2 Shields


You had 8 spell levels left.
You didn't know any spells.
Your spell library contained the following spells:

 Spells                   Type           Power      Damage    Failure   Level
 Sandblast                Erth           0%         2d4       96%         1
 Slow                     Hex            0%         N/A       96%         1
 Passwall                 Tmut/Erth      0%         N/A       99%         2
 Static Discharge         Conj/Air       0%         2-2/arc   99%         2
 Confusing Touch          Hex            0%         N/A       100%        3
 Dazzling Flash           Conj/Hex       0%         N/A       100%        3
 Ignite Poison            Fire/Tmut/Pois 0%         N/A       100%        3
 Kindle Blastsparks       Fire/Tloc/Air  0%         2d10      100%        3
 Stone Arrow              Conj/Erth      0%         3d7       100%        3
 Vampiric Draining        Necr           0%         2d6       100%        3
 Vhi's Electric Charge    Tloc/Air       0%         N/A       100%        3
 Dispel Undead            Necr           0%         3d6       100%        4
 Iskenderun's Mystic Bla  Conj/Tloc      0%         2d3       100%        4
 Arcjolt                  Conj/Air       0%         1d10      100%        5
 Freezing Cloud           Conj/Ice/Air   0%         6-21      100%        5
 Lightning Bolt           Conj/Air       0%         1d11      100%        5
 Starburst                Conj/Fire      0%         6d3       100%        6
 Cigotuvi's Dreadful Rot  Necr/Pois/Air  Unusable   N/A       N/A         2
 Death Channel            Necr           Unusable   N/A       N/A         6

Dungeon Overview and Level Annotations

Branches:
Dungeon (6/15)             Temple (1/1) D:4           Sewer (visited)

Altars:
Ashenzari
Cheibriados
Dithmenos
Elyvilon
Fedhas
Gozag
Hepliaklqana
Kikubaaqudgha
Nemelex Xobeh
Okawaru
Qazlal
Sif Muna
Trog
Vehumet
Wu Jian
Xom
Yredelemnul
Zin

Shops:
D:6 (


Innate Abilities, Weirdness & Mutations

You are immune to sickness and miasma.
Your stone body is resilient. (AC +6)
You are immune to poison.
You resist negative energy. (rN+)
You are resistant to electric shocks. (rElec)
You are resistant to unholy torment.
You are immune to petrification.


Message History

The orc wizard is severely wounded.
The orc wizard gestures wildly while chanting.
The orc wizard flickers and vanishes!
Deactivating autopickup; reactivate with Ctrl-A.
You miss something.
You hear some strange, mumbled words.
A puff of flame appears from out of thin air!
The puff of flame hits you but does no damage.
The kobold throws a stone.
The stone hits you but does no damage.
You completely miss something.
You hear some strange, mumbled words.
A magic dart appears from out of thin air!
The magic dart hits you.
* * * LOW HITPOINT WARNING * * *
The kobold throws a stone.
The stone hits you but does no damage.
You miss something. Something hits you.
* * * LOW HITPOINT WARNING * * *
Something hits you but does no damage.
You barely miss something. Something hits you but does no damage.
You miss something.
You hear some strange, mumbled words.
A magic dart appears from out of thin air!
The magic dart hits you.
* * * LOW HITPOINT WARNING * * *
The kobold throws a stone.
The stone hits you but does no damage.
You hit something but do no damage. Something hits you but does no damage.
The kobold throws a stone.
The stone closely misses you.
You barely miss something. Something hits you but does no damage.
The kobold throws a stone.
The stone hits you but does no damage.
You thump something! Okawaru accepts your kill.
Reactivating autopickup.
You feel a bit more experienced.
You sock the gnoll!
The gnoll is heavily wounded.
The gnoll hits you but does no damage.
You closely miss the gnoll.
The gnoll is heavily wounded.
The gnoll hits you with a +0 flail!
You die...

.##...##### ##.......'....#
##.#.#.## ######........'.>..#
.....##.## #.......g.....'....'
.##..###.#####.....#......♣######
.##................#.........#../
.##.####.#####.....###...♣..♣#...
#.#.###.## #..K..# ##.....♣#...
##..##.## ###g### #...♣.♣####
##...##########@# #......♣♣♣.
#####.#..........# #.....♣.PP.
.................#######.....P♣P♣
#####.#.########.................
#####.#.# ############......
...##.#.# #.##### ##.##.#.# #.#
#.##.#.# ##### #.# ##.##.#.#
##...## #.#


You could see a gnoll and a kobold.

Vanquished Creatures
  Eustachio (D:4)
  An orc warrior (D:6)
  4 ice beasts
  3 centaurs
  9 kobold brigands
  2 necrophages
  A gnoll sergeant (D:6)
  A scorpion (D:4)
  7 wights
  3 howler monkeys
  A jelly (D:6)
  5 hounds
  2 orc priests
  2 gnoll boudas
  Terence (D:2)
  3 orc wizards
  6 iguanas
  11 gnolls
  13 adders
  3 river rats (Sewer)
  A white imp (D:4)
  An ufetubus (D:5)
  7 worms
  A dart slug (D:1)
  12 orcs
  9 ball pythons
  9 bats
  9 endoplasms
  5 giant cockroaches
  4 goblins
  12 hobgoblins
  7 jackals
  17 kobolds
  4 quokkas
  8 frilled lizards
  8 rats
193 creatures vanquished.

Vanquished Creatures (others)
  37 plants (D:6)
37 creatures vanquished.

Grand Total: 230 creatures vanquished

Notes
Turn   | Place    | Note
-------+----------+-------------------------------------------
     0 | D:1      | Dittersdorf the Gargoyle Fighter began the quest for the
                  | Orb.
     0 | D:1      | Reached XP level 1. HP: 14/14 MP: 1/1
    88 | D:1      | Reached XP level 2. HP: 19/19 MP: 2/2
   357 | D:1      | Reached XP level 3. HP: 23/23 MP: 3/3
   652 | D:2      | Reached XP level 4. HP: 28/29 MP: 4/4
   719 | D:2      | Noticed Terence
   733 | D:2      | Killed Terence
   835 | D:2      | Reached XP level 5. HP: 33/33 MP: 5/5
   897 | D:2      | Found a faded altar of an unknown god.
  1401 | D:3      | Identified the -2 buckler of Xivosoza {rF+ rCorr}
  1405 | D:3      | Found an ornate altar of the Wu Jian Council.
  1684 | D:3      | Found a glowing drain.
  1714 | Sewer    | Entered a sewer
  2031 | Sewer    | Noticed a kobold brigand
  2045 | Sewer    | Killed a kobold brigand
  2046 | Sewer    | Reached XP level 6. HP: 39/39 MP: 6/6
  2198 | Sewer    | Reached skill level 5 in Fighting
  2198 | Sewer    | Reached skill level 5 in Armour
  2198 | Sewer    | Reached skill level 5 in Shields
  2224 | Sewer    | Reached XP level 7. HP: 23/44 MP: 7/7
  3241 | D:4      | Found a staircase to the Ecumenical Temple.
  3251 | Temple   | Entered the Ecumenical Temple
  3316 | Temple   | Became a worshipper of Warmaster Okawaru
  3425 | D:4      | Reached XP level 8. HP: 51/51 MP: 8/8
  3521 | D:4      | Noticed Eustachio
  3560 | D:4      | Killed Eustachio
  3626 | D:4      | Found a transporter.
  3630 | D:4      | Found a transporter.
  3641 | D:4      | Found a broken altar of Ashenzari.
  4118 | D:4      | Reached skill level 5 in Maces & Flails
  4347 | D:5      | Entered Level 5 of the Dungeon
  5128 | D:5      | Found a bloodstained altar of Trog.
  5128 | D:5      | Found a snail-covered altar of Cheibriados.
  5417 | D:5      | Reached * piety under Okawaru
  5436 | D:5      | Reached XP level 9. HP: 48/56 MP: 9/9
  6168 | D:6      | Found Guqicw's Weapon Shoppe.
  6523 | D:6      | Reached ** piety under Okawaru
  6546 | D:6      | Found an opulent altar of Gozag.
  7713 | D:6      | Slain by a gnoll

Illustrated notes

Levels and vault maps discovered:
D:1:      saegor_arrival_simple_a, layout_rooms, minmay_lizard_pond
D:2:      layout_loops_cross, hellmonk_ecumenical_altar_run_dry,
          nicolae_concentric_dashed_squares_wild, uniq_terence
D:3:      layout_basic, nicolae_overflow_crystal_walls,
          cheibrodos_sewer_entry_bend, st_stairs_12, minmay_statues_item,
          minmay_misc_feat_alley, corexii_leaking_fountain
D:4:      layout_basic, gammafunk_temple_overflow_arena,
          minmay_temple_entry_overgrown, uniq_eustachio
D:5:      layout_layer_cave, nicolae_overflow_hidden_temple
D:6:      kennysheep_housing_project, layout_loops_ring, grunt_gozag_statues,
          serial_shops, nicolae_shop_temple_entry_statues_fountains
Temple:   nicolae_temple_bog_church

Skill      XL: |  1  2  3  4  5  6  7  8  9 |
---------------+----------------------------+-----
Fighting       | 4 5 6 8 |  8.1
Armour         | 4 5 6 8 |  8.1
Shields        | 4 5 6 8 |  8.2
Maces & Flails | 3 4 5 7 |  7.0

Action                     |  1- 3 |  4- 6 |  7- 9 || total
---------------------------+-------+-------+-------++-------
  Melee: Flail             |   123 |   214 |   657 ||   994
    Use: Scroll            |       |       |     7 ||     7
 Armour: Scale mail        |    80 |    35 |       ||   115
         Chain mail        |       |   113 |   550 ||   663
  Dodge: Dodged            |    80 |    75 |   285 ||   440
  Block: Buckler           |    24 |    47 |   205 ||   276

Table legend: (Time is in decaauts)
 A = Elapsed time spent in this place.
 B = Non-inter-level travel time spent in this place.
 C = Inter-level travel time spent in this place.
 D = Time resting spent in this place.
 E = Time spent auto-exploring this place.
 F = Levels seen in this place.
 G = Mean time per level.
                   A        B        C        D        E       F      G
               +--------+--------+--------+--------+--------+-----+--------+
         Total |   8072 |   7867 |    205 |   1329 |   4227 |   8 | 1009.0 |
       Dungeon |   6879 |   6691 |    188 |   1137 |   3624 |   6 | 1146.5 |
        Temple |     90 |     73 |     17 |      0 |     57 |   1 |   90.0 |
         Sewer |   1103 |   1103 |      0 |    192 |    545 |   1 | 1103.0 |
               +--------+--------+--------+--------+--------+-----+--------+

Top non-repeatable levels by time:
     D:5: 1685 daAuts
     D:6: 1652 daAuts
     D:4: 1164 daAuts
   Sewer: 1103 daAuts
     D:3: 941 daAuts
     D:2: 850 daAuts
     D:1: 585 daAuts
  Temple: 90 daAuts
